 Dungeon Crawl Stone Soup version 0.19-a0-1019-g9c6a58d (webtiles) character file.

11424 AlphabetPasta the Brilliant (level 11, -2/91 HPs)
             Began as a Ghoul Artificer on July 24, 2016.
             Was a High Priest of Pakellas.
             Slain by a komodo dragon (13 damage)
             ... on level 12 of the Dungeon on July 25, 2016.
             The game lasted 01:35:10 (11438 turns).

AlphabetPasta the Brilliant (Ghoul Artificer)      Turns: 11438, Time: 01:35:12

Health: -2/91      AC: 21    Str: 18    XL:     11   Next: 77%
Magic:  2/19       EV: 15    Int:  6    God:    Pakellas [*****.]
Gold:   407        SH:  0    Dex: 16    Spells: 0 memorised, 10 levels left

rFire  . . .     SeeInvis +     a - +1 trident
rCold  + . .     Gourm    .     I - +3 chain mail
rNeg   + + +     Faith    .     (no shield)
rPois  ∞         Spirit   .     q - +2 helmet
rElec  .         Dismiss  .     r - +2 cloak
rCorr  .         Reflect  .     C - +1 pair of gloves
SustAt .         Harm     .     (no boots)
MR     .....                    (no amulet)
Stlth  ..........               (no ring)
                                o - ring of see invisible

@: agile, rotting, not resistant to hostile enchantments, extremely unstealthy
A: rotting body, claws 1, carnivore 3, cold resistance 1, negative energy
resistance 3, slow regeneration 1, torment resistance, unbreathing
a: Quick Charge, Device Surge, Renounce Religion


You were on level 12 of the Dungeon.
You worshipped Pakellas.
Pakellas was extremely pleased with you.
You were not hungry.

You visited 2 branches of the dungeon, and saw 13 of its levels.
You also visited: Ossuary.

You collected 853 gold pieces.
You spent 446 gold pieces at shops.

Inventory:

Hand Weapons
 a - a +1 trident (weapon)
 c - a +0 halberd
 m - a +0 spear
Armour
 q - a +2 helmet (worn)
 r - a +2 cloak (worn)
 C - a +1 pair of gloves (worn)
 I - a +3 chain mail (worn)
Rods
 p - a +6 rod of clouds (3/12)
   (Pakellas gifted it to you on level 9 of the Dungeon)
Jewellery
 g - an uncursed ring of flight
 o - a ring of see invisible (left hand)
 z - an uncursed ring of magical power
 J - an uncursed ring of ice
Wands
 b - a wand of random effects (7/48)
 d - a wand of enslavement (2/24)
 l - a wand of flame (12/48)
 y - a wand of teleportation (3/9)
 A - a wand of polymorph (8/24)
 D - a wand of acid (3/15)
 H - a wand of iceblast (8/15)
Scrolls
 h - 3 scrolls of enchant weapon
 i - 6 scrolls of remove curse
 n - 6 scrolls of identify
 v - 4 scrolls of teleportation
 x - 2 scrolls of fear
Potions
 j - a potion of degeneration {unknown}
 s - 4 potions of magic
 t - a potion of agility
 u - 2 potions of flight
 w - 2 potions of might
 B - a potion of curing
Miscellaneous
 e - a disc of storms
Comestibles
 f - a meat ration
 E - 2 slices of pizza
 F - a royal jelly
 G - a beef jerky


   Skills:
 - Level 6.4 Fighting
   Level 0.8 Short Blades
 + Level 6.2 Polearms
 + Level 5.8 Armour
 - Level 6.1 Dodging
 - Level 1.1 Stealth
 * Level 12.1 Evocations


You had 10 spell levels left.
You didn't know any spells.

Dungeon Overview and Level Annotations

Branches:
Dungeon (12/15)            Temple (1/1) D:4            Lair (0/6) D:10
    Orc (0/2) D:9

Altars:
Ashenzari
Cheibriados
Dithmenos
Elyvilon
Fedhas
Gozag
Hepliaklqana
Kikubaaqudgha
Makhleb
Nemelex Xobeh
Okawaru
Pakellas
Qazlal
Ru
Sif Muna
Trog
Uskayaw
Vehumet
Xom
Yredelemnul
The Shining One
Beogh

Shops:
D:5 =   D:11 ?[%

Portals:
Bazaar: D:11


Innate Abilities, Weirdness & Mutations

Your body is rotting away.
You thrive on raw meat.
You are immune to poison.
You have sharp fingernails.
You are carnivorous and can eat meat at any time.
Your flesh is cold resistant. (rC+)
You are immune to negative energy. (rN+++)
You regenerate slowly when monsters are visible.
You are immune to unholy pain and torment.
You can survive without breathing.


Message History

You hit the komodo dragon.
The komodo dragon is moderately wounded.
The komodo dragon is engulfed in poison gas.
The komodo dragon looks as sick as possible!
The komodo dragon bites you!!
The cyclops looks as sick as possible!
The cyclops throws a large rock.
The large rock hits you!
* * * LOW HITPOINT WARNING * * *
You feel agile all of a sudden.
The komodo dragon is engulfed in poison gas.
The komodo dragon looks as sick as possible!
The komodo dragon bites you!
* * * LOW HITPOINT WARNING * * *
The cyclops is engulfed in poison gas.
The cyclops looks as sick as possible!
You barely miss the komodo dragon.
The komodo dragon is severely wounded.
The komodo dragon is engulfed in poison gas.
The komodo dragon looks as sick as possible!
The komodo dragon bites you!
You die...
Pakellas says: Time to find a new assistant...

.# .#.#.. ........ ..
#......## #.
.#.##..#.... §). ..
......#...##§§#
.....#.........§§§.
.....#.##.....§C#
............(@l§#
...........#....#..
....................
..........##.....##.#
.#..................
................###.
.######.<.......# .
#.........#
#..####.#.#


You could see a cyclops and a komodo dragon.

Vanquished Creatures
  A great orb of eyes (D:11)
  A hydra (D:11)
  The ghost of alcopop the Destroyer, a novice TeIE of Ashenzari (D:8)
  3 hill giants
  The ghost of ViktorHollow the Quickloader, a novice CeHu of Okawaru (D:6)
  A gargoyle (D:10)
  A troll (D:9)
  A slime creature (D:11)
  Sigmund (D:2)
  A wyvern (D:9)
  2 yaks (D:11)
  2 wargs (D:10)
  A water moccasin (D:10)
  Duvessa (D:5)
  3 sky beasts
  8 orc warriors
  An eye of draining (D:8)
  A tengu (D:6)
  6 ogres
  2 centaurs (D:9)
  A crocodile (D:11)
  A big kobold (D:8)
  An elf zombie (Ossuary)
  7 giant frogs
  A gnoll sergeant (D:6)
  Dowan (D:5)
  A water moccasin skeleton (D:10)
  3 scorpions
  9 wights
  5 howler monkeys
  6 crimson imps
  2 jellies (D:8)
  3 centaur zombies
  4 giant frog skeletons
  4 hounds
  A quasit (D:10)
  11 orc priests
  2 human zombies (Ossuary)
  10 orc wizards
  3 iguanas
  10 worker ants
  Terence (D:2)
  A sheep (D:12)
  A killer bee zombie (D:7)
  2 big kobold zombies (Ossuary)
  2 mummies (Ossuary)
  A worker ant zombie (D:6)
  10 gnolls
  11 adders
  An ooze (D:7)
  3 adder zombies (Ossuary)
  A dart slug (D:1)
  4 worms
  8 giant geckos
  68 orcs
  A giant cockroach (D:2)
  5 goblins
  7 hobgoblins
  10 jackals
  6 quokkas
  9 bats
  7 giant newts
  9 hobgoblin zombies (Ossuary)
  A jackal skeleton (D:6)
  12 kobolds
  9 kobold zombies (Ossuary)
  7 orc zombies (Ossuary)
  2 quokka skeletons (D:8)
  5 rats
  2 rat zombies (Ossuary)
331 creatures vanquished.

Vanquished Creatures (collateral kills)
  An orc warrior (D:11)
  The ghost of ViktorHollow the Bolt Thrower, an amateur CeHu (D:3)
  A scorpion (D:9)
  2 wights (D:9)
  2 orc priests
  4 orcs (D:11)
  A goblin (D:3)
12 creatures vanquished.

Vanquished Creatures (others)
  An orc warrior (D:11)
  A dart slug (D:2)
  2 orcs
  A goblin (D:1)
  A rat (D:2)
  5 toadstools (D:1)
11 creatures vanquished.

Grand Total: 354 creatures vanquished

Notes
Turn   | Place    | Note
-------+----------+-------------------------------------------
     0 | D:1      | AlphabetPasta the Ghoul Artificer began the quest for the Orb.
     0 | D:1      | Reached XP level 1. HP: 16/16 MP: 1/1
   153 | D:1      | Reached skill level 3 in Evocations
   153 | D:1      | Reached XP level 2. HP: 21/23 MP: 1/3
   468 | D:1      | Reached XP level 3. HP: 28/28 MP: 4/4
   840 | D:2      | Noticed Terence
   849 | D:2      | Killed Terence
   854 | D:2      | Noticed Sigmund
   865 | D:2      | Killed Sigmund
   865 | D:2      | Reached skill level 1 in Armour
   865 | D:2      | Reached skill level 4 in Evocations
   865 | D:2      | Reached XP level 4. HP: 38/38 MP: 4/6
   865 | D:2      | Reached XP level 5. HP: 45/45 MP: 4/7
   901 | D:2      | Found a sacrificial altar of Ru.
  1088 | D:2      | Reached XP level 6. HP: 36/51 MP: 8/8
  1515 | D:3      | Found an iron altar of Okawaru.
  1515 | D:3      | Found a sacrificial altar of Ru.
  1515 | D:3      | Found a snail-covered altar of Cheibriados.
  1515 | D:3      | Noticed ViktorHollow's ghost (amateur CeHu)
  1697 | D:3      | Reached skill level 5 in Evocations
  1738 | D:3      | Killed ViktorHollow's ghost
  1738 | D:3      | Reached skill level 1 in Polearms
  1812 | D:3      | Found a radiant altar of Vehumet.
  2346 | D:3      | Found a basalt altar of Yredelemnul.
  2586 | D:4      | Reached XP level 7. HP: 55/57 MP: 10/10
  2681 | D:4      | Found a staircase to the Ecumenical Temple.
  2691 | Temple   | Entered the Ecumenical Temple
  2733 | Temple   | Became a worshipper of Pakellas the Inventive
  3037 | D:4      | Reached skill level 6 in Evocations
  3307 | D:4      | Reached XP level 8. HP: 53/63 MP: 11/11
  3622 | D:4      | Reached * piety under Pakellas
  3622 | D:4      | Received a gift from Pakellas
  3637 | D:5      | Entered Level 5 of the Dungeon
  3724 | D:5      | Noticed Duvessa
  3725 | D:5      | Noticed Dowan
  3746 | D:5      | Killed Duvessa
  3761 | D:5      | Killed Dowan
  3839 | D:5      | Reached skill level 7 in Evocations
  3893 | D:5      | Found Veheotuf's Jewellery Boutique.
  4493 | D:6      | Noticed ViktorHollow's ghost (novice CeHu)
  4511 | D:6      | Killed ViktorHollow's ghost
  4511 | D:6      | Reached XP level 9. HP: 56/69 MP: 13/13
  4544 | D:6      | Found a sand-covered staircase.
  4580 | Ossuary  | Entered an ossuary
  4629 | Ossuary  | Reached ** piety under Pakellas
  4629 | Ossuary  | Received a gift from Pakellas
  4796 | Ossuary  | Reached skill level 8 in Evocations
  5312 | D:6      | Reached *** piety under Pakellas
  5312 | D:6      | Received a gift from Pakellas
  5803 | D:7      | Found a shadowy altar of Dithmenos.
  5803 | D:7      | Found a hide-covered altar of Uskayaw.
  6423 | D:8      | Noticed a hill giant
  6434 | D:8      | Killed a hill giant
  6434 | D:8      | Reached skill level 5 in Polearms
  6434 | D:8      | Reached skill level 9 in Evocations
  6471 | D:8      | Reached XP level 10. HP: 49/78 MP: 16/16
  6472 | D:8      | Reached skill level 5 in Armour
  6661 | D:8      | Noticed alcopop's ghost (novice TeIE)
  6704 | D:8      | Killed alcopop's ghost
  6765 | D:8      | Reached **** piety under Pakellas
  6765 | D:8      | Received a gift from Pakellas
  7058 | D:8      | Reached skill level 10 in Evocations
  7321 | D:9      | Reached skill level 5 in Fighting
  7620 | D:9      | Reached skill level 5 in Dodging
  7772 | D:9      | Reached ***** piety under Pakellas
  7772 | D:9      | Received a gift from Pakellas
  7884 | D:9      | Found a staircase to the Orcish Mines.
  8279 | D:9      | Upgraded the game from 0.19-a0-1018-g2faea5e to 0.19-a0-1019-g9c6a58d
  8280 | D:10     | Entered Level 10 of the Dungeon
  8324 | D:10     | Noticed a hill giant
  8341 | D:10     | Killed a hill giant
  8490 | D:9      | Reached skill level 11 in Evocations
  8490 | D:9      | Reached XP level 11. HP: 21/90 MP: 4/18
  8556 | D:9      | Identified a +5 rod of clouds (11/11) (Pakellas gifted it to you on level 9 of the Dungeon)
  8669 | D:10     | Found a hazy altar of Hepliaklqana.
  8900 | D:10     | Found a staircase to the Lair.
  9774 | D:11     | Found Wosus's Magic Scroll Shoppe.
  9818 | D:11     | Bought a scroll of blinking for 97 gold pieces
  9818 | D:11     | Bought a scroll of recharging for 123 gold pieces
  9818 | D:11     | Bought 3 scrolls of identify for 78 gold pieces
  9849 | D:11     | Noticed an eight-headed hydra
  9875 | D:11     | Noticed a great orb of eyes
  9875 | D:11     | an eight-headed hydra changed into a great orb of eyes
  9879 | D:11     | Found Fafi's Antique Armour Emporium.
  9879 | D:11     | Found Nynub's Food Emporium.
  9901 | D:11     | Bought a pair of runed gloves for 148 gold pieces
  9944 | D:11     | Noticed a six-headed hydra
 10261 | D:11     | Paralysed by a great orb of eyes for 7 turns
 10272 | D:11     | Killed a great orb of eyes
 10379 | D:11     | Killed a six-headed hydra
 10414 | D:11     | Noticed a hill giant
 10421 | D:11     | Killed a hill giant
 10677 | D:11     | Found a roughly hewn altar of Beogh.
 10904 | D:11     | Found a gateway to a bazaar.
 11133 | D:11     | Reached skill level 12 in Evocations
 11426 | D:12     | Noticed a cyclops
 11438 | D:12     | Slain by a komodo dragon

Vault maps used:
D:1:      ldierk_walled_garden
D:2:      first_bread, nicolae_ru_awakened_eye, uniq_sigmund, uniq_terence
D:3:      grunt_temple_overflow_open, nicolae_overflow_hidden_temple,
          serial_bayou_lake_a
D:5:      serial_shops, kennysheep_little_box, uniq_duvessa
D:6:      kennysheep_spiral_hall, enter_ossuary_1
D:7:      gammafunk_temple_overflow_elements, hangedman_decor_peaks_small
D:9:      hiddenorc2_lemuel
D:10:     erik_lair_orcish_takeover, basic_altar
D:11:     serial_shops, statue_bzr, nicolae_shop_stone, shop_fountains,
          nicolae_shop_temple_entry_statues_fountains, special_room
D:12:     the_bakery, minmay_door_square
Temple:   jpeg_temple_clearing
Ossuary:  ossuary_tomb_1

Skill      XL: |  1  2  3  4  5  6  7  8  9 10 11 |
---------------+----------------------------------+-----
Dodging        | 2 4 5 6 |  6.1
Evocations     | 3 4 5 6 7 9 11 12 | 12.1
Fighting       | 3 4 6 |  6.4
Armour         | 1 2 3 4 5 |  5.8
Polearms       | 1 2 4 5 6 |  6.2
Short Blades   | |  0.8
Stealth        | |  1.1

Action                   |  1- 3 |  4- 6 |  7- 9 | 10-12 || total
-------------------------+-------+-------+-------+-------++-------
Melee: Short sword       |    71 |     6 |       |       ||    77
       Spear             |       |   301 |       |       ||   301
       Trident           |       |    12 |   712 |   383 ||  1107
       Halberd           |       |       |       |   357 ||   357
Invok: Quick Charge      |       |       |     1 |    11 ||    12
Evoke: Wand              |    15 |     7 |    21 |    80 ||   123
       Sack of spiders   |       |       |       |     1 ||     1
       Rod               |       |       |       |    10 ||    10
  Use: Scroll            |       |     8 |     9 |    14 ||    31
       Potion            |       |       |     1 |     8 ||     9
 Stab: Paralysed         |       |     7 |       |     2 ||     9
       Distracted        |       |     1 |       |       ||     1
  Eat: Chunk             |    20 |    33 |    51 |    95 ||   199
Armor: Leather armour    |    18 |       |       |       ||    18
       Ring mail         |     3 |   127 |   361 |   215 ||   706
       Chain mail        |       |       |       |   254 ||   254
Dodge: Dodged            |    37 |   125 |   406 |   609 ||  1177
